 Dungeon Crawl Stone Soup version 0.17-a0-1923-gc35365e (webtiles) character file.

5412 graki42 the Covert (level 10, -1/69 HPs)
             Began as an Octopode Berserker on Sept 28, 2015.
             Was a High Priest of Trog.
             Slain by an unseen horror (5 damage)
             ... on level 9 of the Dungeon.
             The game lasted 00:37:03 (9422 turns).

graki42 the Covert (Octopode Berserker)             Turns: 9422, Time: 00:37:04

Health: -1/69      AC:  3    Str: 17    XL:     10   Next: 67%
Magic:  0/10       EV: 17    Int: 10    God:    Trog [*****.]
Gold:   594        SH:  0    Dex: 14    Spells: 0 memorised, 9 levels left

rFire  . . .     SeeInvis .     a - +1 short sword
rCold  . . .     Clarity  .     (no shield)
rNeg   . . .     SustAt   .     (helmet restricted)
rPois  .         Gourm    .     C - amulet of guardian spirit
rElec  .         Spirit   +     o - ring of flight
rCorr  .         Warding  .     h - +2 ring of protection
rMut   .         Stasis   .     (no ring)
MR     .....                    (no ring)
Stlth  +++++++...               (no ring)
                                (no ring)
                                (no ring)
                                (no ring)

@: not resistant to hostile enchantments, extremely stealthy
A: almost no armour, amphibious, 8 rings, constrict 8, camouflage 1, gelatinous
body 1
a: Burn Spellbooks, Berserk, Trog's Hand, Brothers in Arms, Renounce Religion,
Evoke Flight


You were on level 9 of the Dungeon.
You worshipped Trog.
Trog was extremely pleased with you.
You were very hungry.

You visited 1 branch of the dungeon, and saw 9 of its levels.

You collected 594 gold pieces.

Inventory:

Hand weapons
 a - a +1 short sword (weapon)
 E - a +0 greatsling
 J - a +0 blowgun
Missiles
 I - 5 needles of confusion
 K - 11 poisoned needles
Jewellery
 h - a +2 ring of protection (right tentacle)
 o - a ring of flight (left tentacle)
 C - an amulet of guardian spirit (around mantle)
Magical devices
 m - a wand of enslavement (11)
 y - a wand of magic darts (43)
 A - a wand of teleportation (5)
 D - a wand of polymorph (5)
Scrolls
 e - 5 scrolls of teleportation
 g - 6 scrolls of identify
 j - 2 scrolls of enchant weapon
 k - a scroll of blinking
 l - 7 scrolls of remove curse
 n - a scroll of fog
 w - 2 scrolls of recharging
 B - a scroll of immolation
 N - a scroll of silence
Potions
 c - 2 potions of brilliance
 f - 2 potions of flight {unknown}
 i - 2 potions of cure mutation
 p - 2 potions of resistance {unknown}
 q - 9 potions of curing {unknown}
 r - a potion of ambrosia {unknown}
 s - a potion of agility {unknown}
 t - 2 potions of might {unknown}
 u - 2 potions of invisibility {unknown}
 v - a potion of heal wounds {unknown}
 x - 2 potions of magic {unknown}
 z - 2 potions of degeneration {unknown}
 F - a potion of haste {unknown}
 H - 3 potions of mutation {unknown}
Books
 L - a book of Envenomations

   Spells                             Type                      Level
   a - Spider Form                    Transmutation/Poison         3
   b - Alistair's Intoxication        Transmutation/Poison         4
   c - Olgreb's Toxic Radiance        Poison                       4
   d - Poisonous Cloud                Conjuration/Poison/Air       6
   Trog disapproves of the use of such an item.
Comestibles
 b - 4 bread rations
 d - 6 meat rations
 G - a fruit
 M - a beef jerky


   Skills:
 + Level 6.7 Fighting
 + Level 7.3 Short Blades
 + Level 8.6 Dodging
 + Level 13.4 Stealth


You had 9 spell levels left.
You didn't know any spells.

Dungeon Overview and Level Annotations

Branches:
Dungeon (9/15)             Temple (0/1) D:6
   Lair: D:8-11         Orc: D:9-12

Altars:
Ashenzari
Dithmenos
Elyvilon
Kikubaaqudgha
Okawaru
Qazlal
Vehumet
Zin

Annotations:
D:6 graki42's ghost, experienced OpBe


Innate Abilities, Weirdness & Mutations

You cannot wear most types of armour.
You are amphibious.
You can wear up to eight rings at the same time.
You can use your tentacles to constrict eight enemies at once.
Your skin changes colour to match your surroundings (Stealth).
Your rubbery body absorbs attacks (AC +1).


Message History

* * * LOW HITPOINT WARNING * * *
Something hits you.
* * * LOW HITPOINT WARNING * * *
Use which ability?
Your ogre goes berserk!
You feel somewhat more hungry.
You swap places.
Your ogre rages.
You start resting.
Your ogre rages. x6
Your ogre is no longer berserk.
Your ogre disappears in a puff of smoke!
You are feeling very hungry.
Something completely misses you. Something hits you!
* * * LOW HITPOINT WARNING * * *
Something hits you!
* * * LOW HITPOINT WARNING * * *
Something hits you!
You die...

####..............######
#.......................
#.####.......>..........
#.# ##...........######
#.# ########.....#
#.####.#.# #.....#
#.#.#.#..##+#######
#.....#..#%%#
###.#.#@.#%%#
####.#.'..# ########


There were no monsters in sight!

Vanquished Creatures
  The ghost of achirane the Thrower, an experienced CeHu (D:8)
  A troll (D:9)
  A two-headed ogre (D:8)
  Grinder (D:3)
  4 hungry ghosts
  2 hippogriffs (D:9)
  A sky beast (D:8)
  Duvessa (D:7)
  3 orc warriors
  A black bear (D:6)
  2 ice beasts
  An ogre (D:8)
  2 big kobolds (D:8)
  7 centaurs
  A crocodile (D:8)
  4 giant frogs
  Dowan (D:7)
  A scorpion (D:4)
  A water moccasin zombie (D:7)
  A spriggan skeleton (D:9)
  A centaur zombie (D:8)
  5 crimson imps
  A giant frog zombie (D:7)
  2 orc priests
  9 orc wizards
  A hound (D:6)
  A gnoll shaman (D:8)
  4 iguanas
  Ijyb (D:3)
  A giant frog skeleton (D:4)
  2 jellies (D:5)
  9 worker ants
  Jessica (D:3)
  5 centaur skeletons
  Natasha (thrice) (D:3)
  A hound zombie (D:5)
  A worker ant zombie (D:3)
  4 gnolls
  7 adders
  3 oozes
  4 worms
  7 giant geckos
  38 orcs
  2 ball pythons
  4 giant cockroaches
  5 hobgoblins
  6 bats
  A giant cockroach zombie (D:5)
  2 giant gecko skeletons
  2 giant newts
  6 goblins
  13 kobolds
  4 quokkas
  A quokka skeleton (D:8)
  A quokka zombie (D:6)
  10 rats
205 creatures vanquished.

Vanquished Creatures (others)
  A hobgoblin (D:2)
1 creature vanquished.

Grand Total: 206 creatures vanquished

Notes
Turn   | Place    | Note
--------------------------------------------------------------
     0 | D:1      | graki42 the Octopode Berserker began the quest for the Orb.
     0 | D:1      | Reached XP level 1. HP: 16/16 MP: 1/1
   307 | D:1      | Reached skill level 1 in Stealth
   341 | D:1      | Reached XP level 2. HP: 17/21 MP: 2/2
   883 | D:2      | Found a glowing silver altar of Zin.
   889 | D:2      | Reached XP level 3. HP: 13/26 MP: 3/3
  1273 | D:2      | Acquired Trog's second power
  1311 | D:2      | Found a stormy altar of Qazlal.
  1693 | D:2      | Found an ancient bone altar of Kikubaaqudgha.
  1693 | D:2      | Found a radiant altar of Vehumet.
  1722 | D:2      | Reached XP level 4. HP: 31/31 MP: 4/4
  1939 | D:3      | Reached skill level 4 in Stealth
  2285 | D:3      | Noticed Grinder
  2293 | D:3      | Killed Grinder
  2293 | D:3      | Reached skill level 6 in Stealth
  2293 | D:3      | Reached XP level 5. HP: 31/36 MP: 5/5
  2293 | D:3      | Reached XP level 6. HP: 36/42 MP: 6/6
  2400 | D:3      | Noticed Natasha
  2403 | D:3      | Killed Natasha
  2442 | D:3      | Reached skill level 7 in Stealth
  2455 | D:3      | Noticed Jessica
  2459 | D:3      | Killed Jessica
  2570 | D:3      | Noticed Natasha
  2577 | D:3      | Killed Natasha
  2643 | D:3      | Noticed Ijyb
  2655 | D:3      | Killed Ijyb
  2684 | D:3      | Noticed Natasha
  2691 | D:3      | Killed Natasha
  2746 | D:4      | Reached XP level 7. HP: 45/47 MP: 7/7
  2880 | D:4      | Found a white marble altar of Elyvilon.
  2912 | D:4      | Reached skill level 8 in Stealth
  3266 | D:5      | Entered Level 5 of the Dungeon
  3446 | D:5      | Reached skill level 9 in Stealth
  3522 | D:5      | Reached XP level 8. HP: 54/54 MP: 8/8
  3662 | D:5      | Acquired Trog's third power
  3674 | D:5      | Reached skill level 10 in Stealth
  3804 | D:5      | Found a shadowy altar of Dithmenos.
  3885 | D:6      | Found a staircase to the Ecumenical Temple.
  3982 | D:6      | Noticed graki42's ghost (experienced OpBe)
  4329 | D:6      | Reached skill level 5 in Dodging
  4806 | D:6      | Reached skill level 5 in Short Blades
  4931 | D:6      | Reached skill level 11 in Stealth
  5101 | D:6      | Reached XP level 9. HP: 41/60 MP: 9/9
  5459 | D:7      | Found an iron altar of Okawaru.
  5514 | D:7      | Noticed Duvessa
  5517 | D:7      | Killed Duvessa
  5517 | D:7      | Reached skill level 5 in Fighting
  5518 | D:7      | Noticed Dowan
  5538 | D:7      | Found a shattered altar of Ashenzari.
  5543 | D:7      | Killed Dowan
  5989 | D:7      | Reached skill level 12 in Stealth
  7362 | D:8      | Noticed achirane's ghost (experienced CeHu)
  7393 | D:8      | Killed achirane's ghost
  7393 | D:8      | Reached XP level 10. HP: 68/68 MP: 8/10
  7763 | D:8      | Received a gift from Trog
  7812 | D:8      | Reached skill level 13 in Stealth
  7833 | D:8      | Found a white marble altar of Elyvilon.
  8654 | D:9      | Found a shattered altar of Ashenzari.
  9420 | D:9      | HP: 3/69 [something (7)]
  9422 | D:9      | Slain by an unseen horror

Vault maps used:
D:1:      dpeg_arrival_simpleton_a, minmay_misc_feat_columns
D:2:      gammafunk_temple_overflow_wave, grunt_qazlal_clouds,
          lemuel_crystal_altar, kennysheep_cross_room, hex_medium
D:3:      minmay_bisected, uniq_jessica, uniq_grinder, uniq_natasha, uniq_iyjb
D:4:      first_bread, hangedman_decor_growths, elyvilon_altar_4
D:5:      grunt_dithmenos_smoke, minmay_joined_circles
D:6:      minmay_temple_entry_junction, serial_glass, glass_columns_a,
          glass_columns_c, glass_columns_a, glass_columns_b, glass_columns_a,
          glass_columns_a, glass_columns_b, glass_columns_b
D:7:      lemuel_crystal_altar, okawaru_trees_1, uniq_duvessa
D:8:      kennysheep_little_box
D:9:      hangedman_tell_no_tales, cheibrodos_ashenzari_chains

Action                   |  1- 3 |  4- 6 |  7- 9 | 10-12 || total
-------------------------+-------+-------+-------+-------++-------
Melee: Short sword       |    75 |    65 |   274 |   140 ||   554
Invok: Berserk           |       |     1 |    11 |     3 ||    15
       Trog's Hand       |       |       |     1 |       ||     1
       Brothers in Arms  |       |       |       |     1 ||     1
  Use: Scroll            |       |    10 |     1 |     7 ||    18
 Stab: Sleeping          |     9 |    11 |    26 |    14 ||    60
       Distracted        |       |     1 |     3 |       ||     4
  Eat: Chunk             |     2 |     5 |    18 |    10 ||    35
       Beef jerky        |       |       |     1 |       ||     1
       Bread ration      |       |       |     2 |       ||     2
       Pizza             |       |       |     1 |       ||     1
